Map: Clair de lune fanatique EC (Void)

Players

zuka - Winner!

  • Race: Protoss Protoss
  • League: Diamond

Nina (Lillekanin)

  • Race: Terran Terran
  • League: Master

VOD

Have the link to the VOD?

Description

Time

  • Played on: Aug. 10, 2015, 11:46 a.m.
  • Length: 10:00
Show
View Real Time Build Order
Export as new Build Order

zuka Protoss - Winner!

Build Orders:  

Get SALT Encoding   

  12  0:08  Pylon  
  12  0:13  Probe  
  13  0:27  Gateway  
  13  0:30  Probe (Chrono Boost)  
  14  0:42  Probe (Chrono Boost)  
  15  0:48  Probe (Chrono Boost)  
  16  0:54  Assimilator  
  16  0:59  Probe  
  16  1:01  Gateway  
  17  1:11  Probe  
  17  1:15  Cybernetics Core  
  18  1:23  Probe  
  19  1:27  Pylon  
  19  1:35  Probe  
  20  1:47  Probe  
  20  1:51  Adept x2 (Chrono Boost)  
  25  1:59  Probe  
  26  2:12  Probe  
  27  2:22  Nexus  
  27  2:25  Mothership Core (Chrono Boost)  
  29  2:31  Warp Gate (Chrono Boost)  
  29  2:38  Pylon  
  29  2:39  Probe (Chrono Boost)  
  30  2:47  Assimilator  
  30  2:56  Probe  
  31  3:05  Zealot x2  
  35  3:08  Probe  
  35  3:09  Robotics Facility  
  36  3:20  Probe (Chrono Boost)  
  36  3:27  Pylon  
  37  3:31  Probe (Chrono Boost)  
  36  3:37  Probe (Chrono Boost), Adept x2  
  41  3:43  Probe  
  42  3:48  Twilight Council  
  42  3:49  Probe  
  43  3:56  Observer (Chrono Boost)  
  43  3:57  Probe  
  43  4:01  Probe  
  46  4:09  Probe  
  45  4:20  Probe  
  45  4:21  Probe  
  45  4:23  Immortal (Chrono Boost)  
  49  4:27  Adept x2  
  53  4:32  Probe  
  53  4:35  Gateway  
  54  5:00  Adept  
  54  5:01  Adept  
  54  5:04  Pylon  
  56  5:07  Probe x2  
  58  5:14  Dark Shrine, Warp Prism (Chrono Boost)  
  58  5:19  Assimilator  
  60  5:21  Pylon  
  60  5:22  Probe x2  
  62  5:31  Pylon  
  62  5:36  Probe (Chrono Boost)  
  62  5:40  Probe (Chrono Boost)  
  64  5:49  Probe (Chrono Boost)  
  70  5:51  Immortal (Chrono Boost)  
  70  5:53  Probe (Chrono Boost)  
  70  5:55  Probe (Chrono Boost)  
  71  5:59  Gateway  
  71  6:01  Probe  
  72  6:06  Probe  
  72  6:07  Assimilator  
  72  6:09  Pylon  
  73  6:13  Probe  
  78  6:24  Probe  
  79  6:31  Gateway, Dark Templar  
  79  6:32  Dark Templar  
  83  6:33  Gateway  
  83  6:37  Immortal (Chrono Boost)  
  83  6:39  Pylon  
  79  6:47  Pylon  
  79  6:49  Pylon  
  79  6:56  Pylon  
  79  6:58  Pylon  
  79  7:05  Dark Templar  
  79  7:09  Dark Templar  
  79  7:12  Immortal (Chrono Boost)  
  81  7:24  Dark Templar  
  67  7:40  Zealot  
  67  7:43  Zealot  
  66  7:44  Immortal (Chrono Boost)  
  61  7:53  Dark Templar  
  61  7:56  Probe x2  
  60  8:03  Adept  
  60  8:04  Adept x2  
  66  8:08  Probe x2  
  68  8:24  Dark Templar x2  
  68  8:26  Zealot x2  
  74  8:27  Zealot x2  
  74  8:31  Probe x2  
  72  8:38  Immortal (Chrono Boost)  
  76  8:43  Probe x2  
  76  8:46  Pylon  
  78  8:48  Stalker x2  
  78  8:49  Stalker, Zealot  
  86  8:55  Probe  
  86  9:00  Adept x2  
  91  9:27  Observer (Chrono Boost)  
  91  9:28  Adept  
  91  9:29  Adept x5  
  104  9:34  Probe x2  
  98  9:46  Probe x2  
  96  9:54  Zealot  
  96  9:55  Zealot x2  
Show
View Real Time Build Order
Export as new Build Order

Nina Terran 

Build Orders: MMM Bio 

Get SALT Encoding   

  12  0:01  SCV  
  13  0:13  SCV  
  14  0:18  Supply Depot  
  14  0:26  SCV  
  15  0:40  SCV  
  15  0:41  Barracks  
  16  0:46  Refinery  
  16  0:52  SCV  
  17  1:03  Barracks  
  18  1:04  SCV  
  18  1:16  SCV  
  19  1:28  Orbital Command  
  19  1:32  Barracks Reactor  
  19  1:34  Supply Depot  
  19  1:52  Barracks Tech Lab  
  19  1:54  SCV  
  20  2:01  Bunker  
  20  2:06  SCV  
  21  2:10  Marine  
  21  2:11  Marine  
  21  2:12  Marine  
  24  2:16  Factory  
  24  2:18  SCV  
  24  2:22  Supply Depot  
  25  2:28  Marine x2  
  27  2:33  Marauder  
  27  2:35  SCV  
  30  2:39  Supply Depot  
  30  2:43  Refinery  
  30  2:48  Marine  
  30  2:49  Concussive Shells  
  30  2:51  Marine  
  31  2:57  Marauder  
  33  3:00  SCV  
  34  3:06  Marine  
  34  3:09  Marine  
  34  3:11  Supply Depot  
  34  3:12  SCV  
  37  3:18  Marauder  
  39  3:23  Marine  
  39  3:26  Marine  
  40  3:39  SCV  
  41  3:41  Marauder, Marine  
  41  3:42  Stimpack  
  43  3:54  Starport, Marine  
  44  3:57  SCV  
  45  4:03  Widow Mine  
  45  4:06  Marine  
  45  4:08  Marine  
  46  4:27  Marauder  
  46  4:30  Marine  
  48  4:31  Command Center  
  48  4:32  Starport Reactor  
  48  4:35  Widow Mine  
  50  4:40  Marine  
  50  4:43  SCV  
  52  4:50  Marine  
  52  4:54  Marauder  
  53  5:06  Widow Mine  
  49  5:11  SCV  
  49  5:12  Medivac x2  
  54  5:15  Marine  
  54  5:20  Supply Depot  
  55  5:30  Barracks  
  55  5:41  Marine, Widow Mine  
  55  5:42  SCV  
  59  5:43  Orbital Command  
  59  5:45  Combat Shields  
  59  5:51  Marauder  
  59  5:53  Marine  
  59  5:56  SCV  
  63  5:59  Marine  
  64  6:09  SCV, Medivac x2  
  64  6:10  Marine  
  70  6:12  SCV  
  71  6:19  Supply Depot  
  71  6:21  Supply Depot  
  71  6:22  Barracks Tech Lab  
  71  6:36  SCV  
  71  6:38  SCV  
  73  6:46  Marine  
  72  6:47  Marauder  
  72  6:48  SCV, Marine  
  72  6:49  Marauder  
  72  6:50  Engineering Bay  
  72  6:51  Medivac  
  63  7:19  Missile Turret  
  44  7:38  SCV, Marauder, Marine x2  
  47  7:57  Orbital Command  
  42  8:16  SCV  
  43  8:25  Starport Tech Lab  
  42  8:28  SCV  
  42  8:32  SCV  
  40  8:36  Barracks Tech Lab  
  40  8:40  SCV  
  41  8:41  Refinery  
  41  8:42  Marine  
  41  8:43  Marine  
  41  8:44  SCV, Refinery  
  41  8:46  Barracks Tech Lab  
  44  8:52  SCV  
  45  8:56  SCV  
  46  9:03  Marine  
  46  9:04  Marine  
  46  9:08  Orbital Command  
  46  9:09  Bunker x2  
  48  9:10  SCV  
  48  9:13  Marauder  
  51  9:22  Marine  
  52  9:32  Marauder, Marine  
  52  9:36  Marine  
  56  9:38  Missile Turret  
Tags
 
Add a new tag
Caveats
  • Supply blocks, unpowered buildings, or Contaminate may cause inaccurate times.
  • Supply counts are checked every 10 seconds.